 Dungeon Crawl Stone Soup version 0.28.0-53-g5a82cb258f (webtiles) character file.

Game seed: 13495817209657786027

11978 raph the Geomancer (level 11, -19/62 HPs)
             Began as a Deep Elf Earth Elementalist on July 18, 2022.
             Was an Elder of Sif Muna.
             Demolished by a komodo dragon (28 damage)
             ... on level 11 of the Dungeon.
             The game lasted 00:26:54 (15249 turns).

raph the Geomancer (Deep Elf Earth Elementalist)   Turns: 15249, Time: 00:26:54

Health: -19/62     AC: 11    Str:  5    XL:     11   Next: 56%
Magic:  19/25      EV: 16    Int: 25    God:    Sif Muna [****..]
Gold:   464        SH:  5    Dex: 20    Spells: 4/27 levels left

rFire   + . .      SeeInvis .   a - +1 rapier
rCold   + . .      Faith    .   (no shield)
rNeg    . . .      Spirit   .   G - +2 leather armour "Xoethad" {Contam rC+ Dex+5 Stlth+}
rPois   .          Reflect  +   (no helmet)
rElec   .          Harm     .   o - +0 cloak
rCorr   .          Rampage  .   B - +2 pair of gloves
Will    +....                   e - +1 pair of boots
Stlth   +++++.....              j - amulet of reflection
HPRegen 0.20/turn               f - ring of protection from fire
MPRegen 0.19/turn               y - ring of wizardry

@: lethally poisoned (-19 -> -30)
A: no striking features
a: Renounce Religion, Channel Magic, Forget Spell, Divine Exegesis


You were on level 11 of the Dungeon.
You worshipped Sif Muna.
Sif Muna was greatly pleased with you.
You visited 2 branches of the dungeon, and saw 12 of its levels.

You collected 464 gold pieces.

Inventory:

Hand Weapons
 a - a +1 rapier (weapon)
 d - a +0 long sword
 h - a +0 short sword
 r - a +3 quarterstaff of chaos
 v - a +3 dagger
Missiles
 c - 39 stones
 i - 6 javelins
 m - a throwing net
Armour
 e - a +1 pair of boots (worn)
 o - a +0 cloak (worn)
 s - a +1 leather armour of cold resistance
 B - a +2 pair of gloves (worn)
 F - a +1 robe
 G - the +2 leather armour "Xoethad" (worn) {Contam rC+ Dex+5 Stlth+}
   (You found it on level 10 of the Dungeon)

   Dex:       It affects your dexterity (+5).
   rC:        It protects you from cold.
   Contam:    It causes magical contamination when unequipped.
   Stlth:     It makes you more stealthy.
 H - +0 acid dragon scales
Magical Staves
 b - a staff of death
Jewellery
 f - a ring of protection from fire (left hand)
 j - an amulet of reflection (around neck)
 y - a ring of wizardry (right hand)
 C - the ring of Liyssy {*Slow Str+3 Int+4 Dex+6 Stlth+}
   (You took it off an orc wizard on level 8 of the Dungeon)

   [ring of dexterity]

   Str:       It affects your strength (+3).
   Int:       It affects your intelligence (+4).
   Dex:       It affects your dexterity (+6).
   *Slow:     It may slow you when you take damage.
   Stlth:     It makes you more stealthy.
Wands
 D - a wand of flame (15)
Scrolls
 g - a scroll of amnesia
 p - a scroll of blinking
 q - a scroll of holy word
 u - 3 scrolls of magic mapping
 w - 2 scrolls of teleportation
 I - a scroll of identify
Potions
 k - 4 potions of flight
 l - 6 potions of heal wounds
 n - 2 potions of magic
 t - 2 potions of curing
 x - a potion of degeneration {unknown}
 z - a potion of ambrosia {unknown}
 A - 2 potions of might {unknown}
 E - a potion of haste {unknown}


   Skills:
 + Level 4.3 Fighting
 - Level 0.4 Short Blades
 + Level 7.8 Dodging
 - Level 7.6 Stealth
 + Level 8.6 Spellcasting
 - Level 2.8 Conjurations
 * Level 8.7 Necromancy
 + Level 4.8 Transmutations
 * Level 9.6 Earth Magic
 * Level 8.5 Invocations
 + Level 0.4 Evocations


You had 4 spell levels left.
You knew the following spells:

 Your Spells              Type           Power      Damage    Failure   Level
a - Sandblast             Erth           100%       2d20      1%          1
b - Passwall              Tmut/Erth      38%        N/A       1%          2
c - Stone Arrow           Conj/Erth      84%        3d12      1%          3
d - Pain                  Necr           100%       1d9       1%          1
e - Animate Skeleton      Necr           100%       N/A       1%          1
f - Vampiric Draining     Necr           53%        2d9       1%          3
g - Petrify               Tmut/Erth      46%        N/A       1%          4
h - Excruciating Wounds   Necr           26%        N/A       3%          5
i - Ozocubu's Armour      Ice            10%        N/A       12%         3

Your spell library contained the following spells:

 Spells                   Type           Power      Damage    Failure   Level
 Gell's Gravitas          Tloc           10%        N/A       12%         3
 Teleport Other           Tloc           10%        N/A       12%         3
 Agony                    Necr           53%        N/A       3%          5
 Statue Form              Tmut/Erth      30%        N/A       28%         6
 Simulacrum               Ice/Necr       16%        N/A       65%         6
 Metabolic Englaciation   Hex/Ice        5%         N/A       69%         5
 Dispersal                Tloc           5%         N/A       99%         6


Dungeon Overview and Level Annotations

Branches:
Dungeon (11/15)            Temple (0/1) D:6            Lair (1/6) D:11
    Orc (0/2) D:10

Altars:
Sif Muna
Vehumet

Annotations:
Lair:1 Gastronok


Message History

The wyvern completely misses you.
The komodo dragon bites the fungus!!
The wyvern bites you.
Aiming: Sandblast (safe; 1% risk of failure)
Press: ? - help, Q - select action, (/) - cycle Shift-Dir - straight line, f/p - wyvern
Aim: a wyvern (almost dead, 84% to hit)
The blast of sand hits the wyvern!!
You kill the wyvern!
Sif Muna accepts your kill. You block the water moccasin's attack.
The komodo dragon bites the fungus!!
The fungus begins to die.
Aiming: Sandblast (safe; 1% risk of failure)
Press: ? - help, Q - select action, (/) - cycle Shift-Dir - straight line, f - water moccasin
Aim: a water moccasin (73% to hit)
The blast of sand misses the water moccasin.
The blast of sand hits the fungus!!
The fungus begins to die.
The fungus is lightly damaged.
The water moccasin misses you.
The water moccasin bites you but does no damage.
The cane toad closely misses you.
Aiming: Sandblast (safe; 1% risk of failure)
Press: ? - help, Q - select action, (/) - cycle Shift-Dir - straight line, f/p - water moccasin
Aim: a water moccasin (73% to hit)
The blast of sand hits the water moccasin.
The water moccasin is lightly wounded.
A nearby fungus withers and dies.
The water moccasin bites you!
You are poisoned.
The water moccasin poisons you! The cane toad completely misses you.
Casting: Sandblast (safe; 1% risk of failure)
Confirm with . or Enter, or press ? or * to list all spells.
Aiming: Vampiric Draining (safe; 1% risk of failure)
Press: ? - help, Shift-Dir - straight line, f/p - water moccasin
Aim: a water moccasin (lightly wounded)
You draw life force from the water moccasin!
You feel life coursing into your body.
You feel very sick. You block the water moccasin's attack.
The cane toad stings you!
* * * LOW HITPOINT WARNING * * *
The komodo dragon bites you!!
You die...

...............##'##.........#
.............................#
####...............######....#
...#..).......######....+....#
...#..........+.........#....#
...#..........#.........#....#
####....................#....#
...............P.l...P..#....#
###..........P..@F......####.####
..#....####......SPP.......'.....
..#....#.......P...........#.....
..#....#.........P.P.......#.....
..#....#................####.....
..#....#.........P.............##
###....#............P..........#
.......#................P......#
....<............>..........<..#


You could see a komodo dragon, a cane toad and a water moccasin.

Vanquished Creatures
  2 hydras (D:11)
  A two-headed ogre (D:9)
  An ugly thing (D:9)
  A cane toad (D:11)
  A gargoyle (D:11)
  A kobold demonologist (D:10)
  A troll (D:10)
  A hornet (D:8)
  3 slime creatures (D:9)
  Eustachio (D:6)
  A shadow (D:11)
  A wraith (D:10)
  2 wyverns
  5 yaks
  Menkaure (D:6)
  An acid dragon (D:10)
  7 water moccasins
  9 orc warriors
  3 black bears
  4 ice beasts
  A sky beast (D:7)
  5 ogres
  A necrophage (D:4)
  2 centaurs
  3 phantoms
  4 kobold brigands (D:10)
  7 bullfrogs
  Blork the orc (D:6)
  A gnoll sergeant (D:10)
  3 scorpions
  A water moccasin skeleton (D:4)
  11 wights
  2 howler monkeys
  2 centaur zombies
  2 jellies
  Crazy Yiuf (D:6)
  A bullfrog skeleton (D:6)
  A gnoll shaman (D:6)
  A centaur skeleton (D:3)
  2 hounds
  8 orc priests
  Jessica (D:2)
  A scorpion zombie (D:5)
  9 orc wizards
  A hound zombie (D:5)
  A hound skeleton (D:4)
  A howler monkey zombie (D:10)
  A howler monkey skeleton (D:7)
  9 gnolls
  5 adders
  2 white imps (D:8)
  2 ufetubi (D:5)
  5 dart slugs
  42 orcs
  16 endoplasms
  4 giant cockroaches
  5 hobgoblins
  8 jackals
  4 quokkas
  6 ball pythons
  6 bats
  A frilled lizard (D:2)
  3 goblins
  8 kobolds
  9 rats
257 creatures vanquished.

Vanquished Creatures (collateral kills)
  An orc (D:4)
1 creature vanquished.

Vanquished Creatures (others)
  46 fungi (D:11)
  43 plants (D:11)
89 creatures vanquished.

Grand Total: 347 creatures vanquished

Notes
Turn   | Place    | Note
-------+----------+-------------------------------------------
     0 | D:1      | raph the Deep Elf Earth Elementalist began the quest for
                  | the Orb.
     0 | D:1      | Reached XP level 1. HP: 10/10 MP: 6/6
   161 | D:1      | Reached XP level 2. HP: 15/15 MP: 1/8
   263 | D:1      | Learned a level 2 spell: Passwall
   918 | D:1      | Found a faded altar of an unknown god.
  1151 | D:1      | Reached XP level 3. HP: 14/19 MP: 4/9
  1314 | D:2      | Found a shimmering blue altar of Sif Muna.
  1322 | D:2      | Became a worshipper of Sif Muna the Loreminder
  1366 | D:2      | Reached skill level 4 in Earth Magic
  1509 | D:1      | Learned a level 3 spell: Stone Arrow
  1511 | D:1      | Learned a level 1 spell: Pain
  2157 | D:2      | Noticed Jessica
  2262 | D:2      | Killed Jessica
  2263 | D:2      | Reached XP level 4. HP: 24/24 MP: 5/11
  2594 | D:2      | Learned a level 1 spell: Animate Skeleton
  2940 | D:3      | Reached * piety under Sif Muna
  2942 | D:3      | Reached XP level 5. HP: 25/28 MP: 3/13
  2943 | D:3      | Reached skill level 1 in Necromancy
  3200 | D:3      | Noticed a phantom
  3207 | D:3      | Killed a phantom
  3208 | D:3      | Reached skill level 5 in Earth Magic
  3361 | D:3      | Reached XP level 6. HP: 32/32 MP: 7/14
  4159 | D:3      | Identified the +4 mace of Ragnarok {vorpal, rElec rN++
                  | rCorr Int-4}
  5026 | D:4      | Learned a level 3 spell: Vampiric Draining
  5032 | D:4      | Reached skill level 1 in Invocations
  5268 | D:4      | Reached XP level 7. HP: 37/37 MP: 9/16
  5333 | D:4      | Reached skill level 5 in Spellcasting
  5374 | D:4      | Identified the +5 scale mail of the Monk {rCorr Int+4}
  5443 | D:4      | Reached ** piety under Sif Muna
  5541 | D:4      | Reached skill level 1 in Fighting
  5541 | D:4      | Reached skill level 5 in Stealth
  5680 | D:5      | Entered Level 5 of the Dungeon
  5792 | D:5      | Reached skill level 6 in Earth Magic
  6436 | D:5      | Reached skill level 1 in Conjurations
  6436 | D:5      | Reached XP level 8. HP: 34/43 MP: 12/18
  6865 | D:6      | Reached skill level 5 in Dodging
  6988 | D:6      | Noticed Menkaure
  6991 | D:6      | Killed Menkaure
  7257 | D:6      | Found a runed translucent door.
  7258 | D:6      | Noticed Crazy Yiuf
  7263 | D:6      | Killed Crazy Yiuf
  7372 | D:6      | Noticed Eustachio
  7377 | D:6      | Killed Eustachio
  7687 | D:6      | Noticed Blork the orc
  7690 | D:6      | Killed Blork the orc
  7691 | D:6      | Reached XP level 9. HP: 49/49 MP: 15/20
  7814 | D:6      | Learned a level 4 spell: Petrify
  8023 | D:6      | Reached skill level 5 in Invocations
  8152 | D:6      | Found a staircase to the Ecumenical Temple.
  8192 | D:7      | Found a radiant altar of Vehumet.
  8203 | D:7      | Reached skill level 7 in Earth Magic
  8210 | D:7      | Reached skill level 5 in Necromancy
  8491 | D:7      | Reached *** piety under Sif Muna
  9596 | D:8      | Learned a level 5 spell: Excruciating Wounds
  9791 | D:8      | Identified the ring of Liyssy {*Slow Str+3 Int+4 Dex+6
                  | Stlth+}
 10156 | D:8      | Reached XP level 10. HP: 56/56 MP: 18/22
 10758 | D:9      | Reached **** piety under Sif Muna
 10759 | D:9      | Reached skill level 8 in Earth Magic
 10885 | D:9      | Noticed a white ugly thing
 11018 | D:9      | Killed a white ugly thing
 11516 | D:9      | Noticed a two-headed ogre
 11647 | D:9      | Killed a two-headed ogre
 11970 | D:10     | Entered Level 10 of the Dungeon
 11996 | D:10     | Identified the +2 leather armour "Xoethad" {Contam rC+
                  | Dex+5 Stlth+}
 12141 | D:10     | Found a staircase to the Orcish Mines.
 12165 | D:9      | Learned a level 3 spell: Ozocubu's Armour
 12377 | D:10     | Noticed a sixfirhy
 13160 | D:10     | Reached XP level 11. HP: 45/60 MP: 8/25
 13686 | D:10     | Reached skill level 9 in Earth Magic
 13783 | D:11     | Found a staircase to the Lair.
 14672 | D:11     | Noticed a seven-headed hydra
 14679 | D:11     | Killed a seven-headed hydra
 15028 | D:11     | Noticed a five-headed hydra
 15036 | D:11     | Killed a five-headed hydra
 15176 | Lair:1   | Entered Level 1 of the Lair of Beasts
 15176 | Lair:1   | Noticed Gastronok
 15249 | D:11     | Demolished by a komodo dragon

Illustrated notes

Levels and vault maps discovered:
D:1:      wander_arrival_chamber, layout_basic,
          chequers_ecumenical_altar_simple_redux
D:2:      layout_rooms, basic_altar, grunt_ministairs_12, uniq_jessica
D:3:      layout_basic
D:4:      layout_basic, minmay_puff
D:5:      layout_gridville
D:6:      layout_rooms, minmay_temple_entry_proselytizer,
          uniq_crazy_yiuf_cottage, uniq_eustachio, uniq_blork_the_orc,
          uniq_menkaure
D:7:      layout_basic, nicolae_vehumet_radiance
D:8:      layout_cave_pods
D:9:      layout_basic, dreamdust_deal_with_the_devil
D:10:     layout_gridville, kennysheep_orc_monster_closet_entryway
D:11:     layout_irregular_city, due_lair_maze_entry_diamond
Lair:1:   layout_big_grid, uniq_prince_ribbit2, uniq_gastronok, uniq_harold,
          uniq_maggie

Skill      XL: |  1  2  3  4  5  6  7  8  9 10 11 |
---------------+----------------------------------+-----
Stealth        | 3 4 5 6 7 |  7.6
Dodging        | 3 4 5 6 7 |  7.8
Earth Magic    | 4 5 6 7 8 9 |  9.6
Spellcasting   | 4 5 6 7 8 |  8.6
Necromancy     | 1 2 3 4 6 7 8 |  8.7
Invocations    | 1 3 4 6 7 8 |  8.5
Fighting       | 1 2 3 4 |  4.3
Conjurations   | 1 2 |  2.8
Transmutations | 2 4 |  4.8
Short Blades   | |  0.4
Evocations     | |  0.4

Action                   |  1- 3 |  4- 6 |  7- 9 | 10-12 || total
-------------------------+-------+-------+-------+-------++-------
Melee: Short sword       |    10 |    16 |     1 |       ||    27
       Punch             |       |     1 |     1 |     2 ||     4
       Rapier            |       |       |    17 |    43 ||    60
Throw: Javelin           |       |       |       |     1 ||     1
 Cast: Sandblast         |    46 |    26 |    83 |   106 ||   261
       Pain              |    11 |     9 |    16 |     6 ||    42
       Stone Arrow       |     9 |    38 |    63 |    85 ||   195
       Passwall          |       |     1 |       |       ||     1
       Animate Skeleton  |       |     3 |     3 |       ||     6
       Vampiric Draining |       |       |     9 |     6 ||    15
       Excruciating Woun |       |       |     3 |     5 ||     8
       Ozocubu's Armour  |       |       |       |     1 ||     1
Invok: Channel Magic     |       |     1 |       |       ||     1
Evoke: Wand              |       |       |       |     4 ||     4
  Use: Scroll            |       |     6 |     8 |     2 ||    16
       Potion            |       |       |       |     1 ||     1
 Stab: Sleeping          |       |     2 |       |       ||     2
Armor: Robe              |     2 |     3 |     3 |       ||     8
       Leather armour    |       |       |    13 |    42 ||    55
Dodge: Dodged            |    21 |    18 |    38 |   106 ||   183
Block: Other             |     1 |    10 |     9 |    27 ||    47
       Reflection        |       |       |     1 |     3 ||     4
